 Dungeon Sprint DCSS version 0.21.1-1-g345015f (webtiles) character file.

39908 wojtek the Executioner (level 13, -4/134 HPs)
             Began as a Minotaur Berserker on Mar 3, 2018.
             Was a High Priest of Trog.
             Slain by a sea snake (16 damage)
             ... in the Dungeon (Sprint III: "The Ten Rune Challenge").
             The game lasted 00:17:25 (6787 turns).

wojtek the Executioner (Minotaur Berserker)         Turns: 6787, Time: 00:17:26

Health: -4/134     AC: 17    Str: 27    XL:     13   Next: 1%
Magic:  4/4        EV: 16    Int:  4    God:    Trog [*****.]
Gold:   3690       SH:  0    Dex: 10    Spells: 12/12 levels left

rFire    . . .     SeeInvis .   u - +4 executioner's axe (antimagic)
rCold    . . .     Gourm    .   (shield currently unavailable)
rNeg     . . .     Faith    .   w - +0 chain mail
rPois    .         Spirit   .   B - +1 hat
rElec    .         Reflect  .   k - +0 cloak
rCorr    .         Harm     .   (no gloves)
MR       .....     NoTele   +   (no boots)
Stlth    ..........             (no amulet)
HPRegen  0.32/turn              (no ring)
MPRegen  0.09/turn              (no ring)

@: engulfed (cannot breathe), starving
A: retaliatory headbutt, horns 2
}: 1/10 runes: decaying
a: Berserk, Trog's Hand, Brothers in Arms, Burn Spellbooks, Renounce Religion


You were in the Dungeon.
You worshipped Trog.
Trog was extremely pleased with you.
You were starving.

You visited 1 branch You collected 3710 gold pieces.
You spent 20 gold pieces at shops.

Inventory:

Hand Weapons
 a - a +2 executioner's axe of electrocution
 b - a +2 battleaxe of venom
 t - a +1 battleaxe of chopping
 u - a +4 antimagic executioner's axe (weapon)
 v - a +2 antimagic battleaxe
 x - a +0 antimagic broad axe
 z - a +3 antimagic broad axe
 A - a +6 antimagic executioner's axe
 D - a +4 battleaxe of chopping
 F - a +3 antimagic battleaxe
 G - a +4 battleaxe of electrocution
 H - a +0 blowgun
 I - a +0 blowgun
Missiles
 y - 3 needles of confusion
 J - 5 needles of paralysis
 K - 5 needles of sleeping
 M - 10 poisoned needles
Armour
 k - a +0 cloak (worn)
 w - a +0 chain mail (worn)
 B - a +1 hat (worn)
 E - +0 ice dragon scales
Jewellery
 O - a +2 amulet of reflection
Scrolls
 i - a scroll of blinking
 m - a scroll of torment {unknown}
 n - 2 scrolls of identify
 o - 2 scrolls of remove curse
 q - a scroll of holy word {unknown}
 r - 2 scrolls of immolation {unknown}
 s - 2 scrolls of fear {unknown}
 L - a scroll of enchant weapon {unknown}
 P - a scroll of magic mapping {unknown}
Potions
 d - 6 potions of curing
 e - a potion of heal wounds
 f - a potion of haste
 g - 2 potions of magic
 h - 2 potions of berserk rage
 l - 4 potions of mutation {unknown}
 p - 2 potions of flight {unknown}
 C - a potion of lignification {unknown}
Miscellaneous
 j - a phantom mirror
Comestibles
 c - 6 rations


   Skills:
 + Level 17.9 Fighting
 * Level 23.5 Axes
 + Level 17.7 Armour
 + Level 16.5 Dodging


You had 12 spell levels left.
You didn't know any spells.

Dungeon Overview and Level Annotations

Branches:
Dungeon (1/1)

Altars:
Cheibriados
Dithmenos
Elyvilon
Fedhas
Gozag
Hepliaklqana
Kikubaaqudgha
Makhleb
Nemelex Xobeh
Okawaru
Qazlal
Ru
Sif Muna
Trog
Uskayaw
Vehumet
Wu Jian
Xom
Yredelemnul
Zin
The Shining One
Beogh
Jiyva
Lugonu

Shops:
D (?}(

Annotations:
D Ilsuiw


Innate Abilities, Weirdness & Mutations

You reflexively headbutt those who attack you in melee.
You have a pair of horns on your head.


Message History

You closely miss the sea snake. You closely miss the water elemental.
You recover from your berserk rage.
* * * LOW HITPOINT WARNING * * *
Your lungs strain for air!
Ilsuiw appears from thin air!
Reactivating autopickup.
The water elemental closely misses you. You furiously retaliate!
You headbutt the water elemental!
You destroy the water elemental!
The water elemental hits you.
The sea snake bites you but does no damage.
Ilsuiw gestures wildly while chanting.
Ilsuiw flickers and vanishes!
Deactivating autopickup; reactivate with Ctrl-A.
Your two-headed ogre goes berserk!
You are starving!
* * * LOW HITPOINT WARNING * * *
Your lungs strain for air!
The sea snake bites you!
You die...

.....#.≈♣♣♣♣♣♣♣♣♣♣♣♣♣♣♣♣PP##.#.#.
♣♣♣♣♣#..♣♣ ♣♣♣##+####
###†♣♣♣♣♣♣♣♣♣♣♣♣♣♣♣♣♣# ♣
♣♣♣♣.##..##≈≈≈≈≈≈..#§=# ♣♣
♣...##.##.#≈≈§≈§...#§§# '♣
♣♣.##.##.##'≈≈§≈§####§# .♣
♣..#÷##.))#§≈§..§§§.§# ##♣♣
♣♣.##.##..#≈.O'####### ...♣
♣♣.##.#####@{.#......# ...♣
♣.....##.ES.E.#♣♣♣._.# ####
########'###### ##### ♣♣
▓≈≈≈≈≈≈≈≈ .♣ ▓≈≈≈≈≈≈≈≈ .♣♣ ######
▓≈≈≈m.≈≈≈ ♣.♣ #....# ▓≈≈....≈≈
.♣♣ #....# ▓≈≈≈..S≈≈ .♣♣ #.≈..#
▓≈≈≈≈≈≈≈≈


You could see a sea snake, 2 water elementals and a friendly two-headed ogre
(berserk).

Vanquished Creatures
  Gastronok (D)
  Polyphemus (D)
  2 dire elephants (D)
  Snorg (D)
  2 hydras (D)
  5 ice dragons (D)
  A centaur warrior (D)
  4 death yaks (D)
  Urug (D)
  2 unseen horrors (D)
  A spriggan druid (D)
  A lindwurm (D)
  A deep elf mage (D)
  An elephant (D)
  2 black mambas (D)
  2 spiny frogs (D)
  A rime drake (D)
  A komodo dragon (D)
  A queen bee (D)
  2 tyrant leeches (D)
  8 blink frogs (D)
  A dream sheep (D)
  3 redbacks (D)
  2 spriggans (D)
  A shadow (D)
  3 wandering mushrooms (D)
  A spatial vortex (D)
  A hydra simulacrum (D)
  A swamp drake (D)
  A necrophage (D)
  2 black mamba simulacra (D)
  2 centaurs (D)
  An earth elemental (D)
  A water elemental (D)
  30 killer bees (D)
  An electric eel (D)
  A jelly (D)
  An orc wizard (D)
  Crazy Yiuf (D)
  A wizard (D)
  Jessica (D)
  A necromancer (D)
  2 wolf simulacra (D)
  3 humans (D)
  A kobold demonologist (D)
  2 oozes (D)
  2 swamp drake simulacra (D)
  An orc (D)
  3 plants (D)
112 creatures vanquished.

Vanquished Creatures (collateral kills)
  Rupert (D)
  3 orc sorcerers (D)
  An elephant (D)
  2 orc warriors (D)
  2 killer bees (D)
  4 orc wizards (D)
  3 orc priests (D)
  3 orcs (D)
  A hobgoblin (D)
20 creatures vanquished.

Vanquished Creatures (others)
  2 draconian scorchers (D)
  A hydra (D)
  A death drake (D)
  6 hellions (D)
  3 yaktaurs (D)
  6 plants (D)
19 creatures vanquished.

Grand Total: 151 creatures vanquished

Notes
Turn   | Place    | Note
-------+----------+-------------------------------------------
     0 | D        | wojtek the Minotaur Berserker began the quest for the Orb.
     0 | D        | Reached XP level 1. HP: 19/19 MP: 0/0
     4 | D        | Reached skill level 4 in Axes
     6 | D        | Reached XP level 2. HP: 24/27 MP: 1/1
    34 | D        | Noticed Jessica
    43 | D        | Killed Jessica
    43 | D        | Reached ** piety under Trog
    43 | D        | Reached skill level 5 in Fighting
    43 | D        | Reached skill level 6 in Axes
    43 | D        | Reached XP level 3. HP: 28/36 MP: 2/2
   102 | D        | Killed a hellion
   102 | D        | Killed a hellion
   104 | D        | Killed a yaktaur
   111 | D        | Killed a hellion
   122 | D        | Killed a hellion
   125 | D        | Killed a hellion
   125 | D        | Killed a hellion
   172 | D        | Noticed Crazy Yiuf
   181 | D        | Killed Crazy Yiuf
   181 | D        | Reached skill level 7 in Axes
   181 | D        | Reached skill level 5 in Armour
   181 | D        | Reached XP level 4. HP: 44/44 MP: 0/3
   188 | D        | Killed a white draconian scorcher
   198 | D        | Killed a white draconian scorcher
   242 | D        | Noticed a water elemental
   246 | D        | Killed a water elemental
   246 | D        | Reached *** piety under Trog
   246 | D        | Reached skill level 8 in Axes
   246 | D        | Reached skill level 5 in Dodging
   246 | D        | Reached XP level 5. HP: 51/51 MP: 4/4
   284 | D        | Found a radiant altar of Vehumet.
   292 | D        | Reached skill level 9 in Axes
   294 | D        | Found a deep blue altar of Sif Muna.
   294 | D        | Found an ancient bone altar of Kikubaaqudgha.
   314 | D        | Killed a yaktaur
   405 | D        | Found a glowing silver altar of Zin.
   406 | D        | Found a glowing golden altar of the Shining One.
   406 | D        | Found a white marble altar of Elyvilon.
   406 | D        | Noticed a deep elf mage
   409 | D        | Reached **** piety under Trog
   412 | D        | Killed a deep elf mage
   412 | D        | Reached ***** piety under Trog
   412 | D        | Reached skill level 12 in Axes
   412 | D        | Reached XP level 6. HP: 55/63 MP: 5/5
   412 | D        | Reached XP level 7. HP: 61/70 MP: 6/6
   515 | D        | Found a hide-covered altar of Uskayaw.
   515 | D        | Found an iron altar of Okawaru.
   516 | D        | Found a roughly hewn altar of Beogh.
   516 | D        | Found a bloodstained altar of Trog.
   516 | D        | Found an ornate altar of the Wu Jian Council.
   516 | D        | Noticed a human
   516 | D        | Noticed a human
   521 | D        | Received a gift from Trog
   524 | D        | Killed a human
   525 | D        | Killed a human
   525 | D        | Reached skill level 13 in Axes
   593 | D        | Found a shadowy altar of Dithmenos.
   605 | D        | Reached skill level 10 in Fighting
   606 | D        | Found a basalt altar of Yredelemnul.
   606 | D        | Found a sacrificial altar of Ru.
   631 | D        | Noticed a shadow
   636 | D        | Received a gift from Trog
   636 | D        | Reached XP level 8. HP: 79/79 MP: 7/7
   689 | D        | Found a blossoming altar of Fedhas.
   689 | D        | Found a stormy altar of Qazlal.
   690 | D        | Found a snail-covered altar of Cheibriados.
   690 | D        | Found a burning altar of Makhleb.
   690 | D        | Found a hazy altar of Hepliaklqana.
   690 | D        | Found a shimmering altar of Xom.
   690 | D        | Found an opulent altar of Gozag.
   690 | D        | Found a sparkling altar of Nemelex Xobeh.
   690 | D        | Found a corrupted altar of Lugonu.
   690 | D        | Found a viscous altar of Jiyva.
   695 | D        | Reached skill level 10 in Armour
   708 | D        | Noticed Snorg
   717 | D        | Killed Snorg
   717 | D        | Reached skill level 15 in Axes
   717 | D        | Reached skill level 10 in Dodging
   717 | D        | Reached XP level 9. HP: 72/89 MP: 8/8
   931 | D        | Noticed an orc sorcerer
   936 | D        | Killed an orc sorcerer
   941 | D        | Noticed an orc sorcerer
   941 | D        | Killed an orc sorcerer
   941 | D        | Received a gift from Trog
   943 | D        | Killed an orc sorcerer
   943 | D        | Reached skill level 16 in Axes
   946 | D        | Reached ****** piety under Trog
   946 | D        | Received a gift from Trog
   949 | D        | Found Reaveckenk's Antique Weapon Boutique.
  1129 | D        | Noticed a centaur warrior
  1133 | D        | Killed a centaur warrior
  1135 | D        | Received a gift from Trog
  1212 | D        | Killed an unseen horror
  1212 | D        | Reached skill level 17 in Axes
  1212 | D        | Reached XP level 10. HP: 74/100 MP: 3/9
  1223 | D        | Killed an unseen horror
  1431 | D        | Received a gift from Trog
  1462 | D        | Received a gift from Trog
  1839 | D        | Reached skill level 18 in Axes
  1853 | D        | Received a gift from Trog
  1929 | D        | Received a gift from Trog
  2238 | D        | Noticed a spiny frog
  2238 | D        | Noticed a spiny frog
  2242 | D        | Killed a spiny frog
  2242 | D        | Received a gift from Trog
  2252 | D        | Killed a spiny frog
  2252 | D        | Received a gift from Trog
  2419 | D        | Reached skill level 19 in Axes
  2419 | D        | Reached XP level 11. HP: 89/111 MP: 10/10
  2539 | D        | Received a gift from Trog
  2702 | D        | Noticed Rupert
  2708 | D        | Killed Rupert
  2722 | D        | Reached skill level 15 in Fighting
  2723 | D        | Noticed a dire elephant
  2740 | D        | Killed a dire elephant
  2740 | D        | Received a gift from Trog
  2740 | D        | Reached skill level 20 in Axes
  2740 | D        | Reached skill level 15 in Armour
  2790 | D        | Noticed Gastronok
  2791 | D        | Noticed a dire elephant
  2813 | D        | Killed Gastronok
  2826 | D        | Killed a dire elephant
  2932 | D        | Noticed an azure jelly
  2932 | D        | Noticed an azure jelly
  2932 | D        | Noticed an azure jelly
  2933 | D        | Noticed an azure jelly
  2951 | D        | Noticed a death yak
  2959 | D        | Killed a death yak
  2959 | D        | Reached skill level 21 in Axes
  3031 | D        | Noticed a death yak
  3046 | D        | Killed a death yak
  3048 | D        | Noticed a death yak
  3051 | D        | Killed a death yak
  3051 | D        | Received a gift from Trog
  3051 | D        | Reached XP level 12. HP: 45/122 MP: 3/11
  3052 | D        | Noticed a death yak
  3058 | D        | Killed a death yak
  3061 | D        | Reached skill level 15 in Dodging
  3444 | D        | Noticed an ice dragon
  3460 | D        | Killed an ice dragon
  3655 | D        | Noticed an ice dragon
  3837 | D        | Noticed an ice dragon
  3852 | D        | Killed an ice dragon
  3852 | D        | Received a gift from Trog
  3852 | D        | Reached skill level 22 in Axes
  3895 | D        | Found Miluot's Antique Weapon Shoppe.
  3895 | D        | Found Biolotte's Magic Scroll Boutique.
  3895 | D        | Found Kiob's Gadget Emporium.
  3895 | D        | Noticed a six-headed hydra
  3895 | D        | Noticed an ice dragon
  3899 | D        | Killed a six-headed hydra
  3918 | D        | Killed an ice dragon
  3919 | D        | Killed an ice dragon
  4296 | D        | Noticed an ice dragon
  4313 | D        | Killed an ice dragon
  4458 | D        | Bought a scroll of identify for 20 gold pieces
  4512 | D        | Got a decaying rune of Zot
  4596 | D        | Received a gift from Trog
  5017 | D        | Noticed Urug
  5024 | D        | Killed Urug
  5024 | D        | HP: 5/125 [poisoned by a redback]
  5410 | D        | Noticed an eight-headed hydra
  5410 | D        | Noticed a six-headed hydra
  5419 | D        | Killed an 11-headed hydra
  5422 | D        | Killed an 11-headed hydra
  5422 | D        | Received a gift from Trog
  5422 | D        | Reached skill level 23 in Axes
  5912 | D        | Found a blossoming altar of Fedhas.
  5975 | D        | Received a gift from Trog
  6429 | D        | Noticed Polyphemus
  6438 | D        | Killed Polyphemus
  6438 | D        | Reached XP level 13. HP: 77/134 MP: 4/12
  6729 | D        | Noticed Ilsuiw
  6787 | D        | Slain by a sea snake

Skill      XL: |  1  2  3  4  5  6  7  8  9 10 11 12 |
---------------+-------------------------------------+-----
Fighting       | 4 5 6 9 10 11 12 14 16 17 | 17.9
Axes           | 4 6 7 8 12 13 15 17 19 21 23 | 23.5
Armour         | 3 4 5 8 9 11 12 14 16 17 | 17.7
Dodging        | 3 4 5 7 8 10 11 13 14 16 | 16.5

Action                   |  1- 3 |  4- 6 |  7- 9 | 10-12 | 13-15 || total
-------------------------+-------+-------+-------+-------+-------++-------
Melee: Hand axe          |    20 |    14 |    30 |       |       ||    64
       Headbutt          |     4 |     2 |    12 |    65 |     9 ||    92
       Battleaxe         |       |       |    16 |   152 |       ||   168
       Executioner's axe |       |       |    13 |   151 |    40 ||   204
Invok: Berserk           |     2 |     2 |     3 |     6 |     1 ||    14
       Burn Spellbooks   |       |     1 |     1 |       |       ||     2
       Brothers in Arms  |       |       |     1 |     3 |     4 ||     8
  Use: Potion            |       |       |       |     1 |     1 ||     2
       Scroll            |       |       |       |     1 |       ||     1
  Eat: Chunk             |       |     2 |     5 |     8 |       ||    15
       Ration            |       |       |       |     5 |       ||     5
Armor: Animal skin       |     1 |       |       |       |       ||     1
       Ring mail         |       |       |     5 |       |       ||     5
       Chain mail        |       |       |    21 |   116 |    13 ||   150
       Ice dragon scales |       |       |       |    10 |       ||    10
Dodge: Dodged            |     9 |     1 |    27 |   204 |    16 ||   257
